 Dungeon Crawl Stone Soup version 0.29-a0-1016-g236c7fd91e (webtiles) character file.

Game seed: 342266250035261553

184 Manisian the Caller (level 5, -3/28 HPs)
             Began as a Deep Elf Summoner on Aug 9, 2022.
             Hit by a boomerang thrown by an orc (4 damage)
             ... on level 3 of the Dungeon.
             The game lasted 00:06:52 (3850 turns).

Manisian the Caller (Deep Elf Summoner)             Turns: 3850, Time: 00:06:53

Health: -3/28      AC:  2    Str:  7    XL:     5   Next: 36%
Magic:  12/15      EV: 13    Int: 20    God:
Gold:   119        SH:  0    Dex: 15    Spells: 2/15 levels left

rFire   . . .      SeeInvis .   (no weapon)
rCold   . . .      Faith    .   (no shield)
rNeg    . . .      Spirit   .   a - +0 robe
rPois   .          Reflect  .   (no helmet)
rElec   .          Harm     .   (no cloak)
rCorr   .          Rampage  .   (no gloves)
Will    .....                   (no boots)
Stlth   ++........              (no amulet)
HPRegen 0.09/turn               (no ring)
MPRegen 0.14/turn               (no ring)

@: no status effects
A: no striking features
a: no special abilities


You were on level 3 of the Dungeon.
You visited 1 branch of the dungeon, and saw 3 of its levels.

You collected 119 gold pieces.

Inventory:

Missiles
 f - a throwing net
Armour
 a - a +0 robe (worn)
Jewellery
 g - a +4 ring of protection
 i - a ring of protection from cold
Scrolls
 d - a scroll of amnesia {unknown}
 m - a scroll of identify
Potions
 e - a potion of lignification
 h - a potion of mutation
 j - a potion of invisibility {unknown}
 k - a potion of attraction {unknown}
 l - a potion of degeneration {unknown}


   Skills:
 + Level 2.8 Dodging
 - Level 2.5 Stealth
 + Level 5.5 Spellcasting
 + Level 6.0 Summonings


You had 2 spell levels left.
You knew the following spells:

 Your Spells              Type           Power      Damage    Failure   Level
a - Summon Small Mammal   Summ           100%       N/A       1%          1
b - Call Imp              Summ           29%        N/A       1%          2
c - Call Canine Familiar  Summ           29%        N/A       2%          3
d - Summon Guardian Gole  Hex/Summ       17%        N/A       10%         3
e - Summon Lightning Spi  Summ/Air       17%        N/A       32%         4

Your spell library contained the following spells:

 Spells                   Type           Power      Damage    Failure   Level


Dungeon Overview and Level Annotations

Branches:
Dungeon (3/15)

Altars:

Annotations:
D:3 Sigmund


Message History

Your crimson imp blinks!
Magic courses through your body.
The bat closely misses your crimson imp.
Your hound bites something.
Reactivating autopickup.
You feel a bit more experienced. The orc hits you with a +0 falchion.
* * * LOW HITPOINT WARNING * * *
The bat hits your crimson imp but does no damage.
The orc priest calls upon Beogh to heal the orc.
The orc's wounds heal themselves!
Your crimson imp hits the bat.
Your Summonings skill increases to level 6!
Casting: Call Canine Familiar (dangerous; 2% risk of failure)
Confirm with . or Enter, or press ? or * to list all spells.
The spell is quite dangerous to miscast (10% risk of failure)!
Continue anyway?
A guardian golem appears, shielding your allies.
The bat misses your crimson imp.
The bat hits your crimson imp but does no damage.
The orc priest misses your hound.
The bat closely misses your crimson imp.
Your hound bites the orc priest.
Your crimson imp hits the bat.
The bat dies!
An orc comes into view. It is wielding a +0 short sword.
Your hound closely misses the orc priest.
The orc closely misses you.
Your hound barely misses the orc priest.
The orc moves out of view.
Your hound bites the orc priest.
The orc hits your guardian golem with a +0 falchion!
The orc hits your hound but does no damage.
Your hound barely misses the orc.
The orc priest hits your guardian golem but does no damage.
The orc closely misses your hound.
Your hound bites the orc.
The orc attacks as you move away! The orc hits you with a +0 falchion.
* * * LOW HITPOINT WARNING * * *
Your hound bites the orc.
The orc priest hits your guardian golem with a +0 club.
The orc throws a boomerang.
The boomerang closely misses your hound.
The boomerang barely misses the orc.
The boomerang hits you.
You die...

########.#.# #.# #.
#.#.###.# #. #.......#
#. ###.##### ## #.# #.#
#.# #.#########
######.o@.......
########.ooh...####.#..
#.)......##.59..#
.##.....###o..##
#..#h## ##.## #...5#
#.# #...9.# #.# ##....#
#+# ##.#o#


You could see an orc priest (ally target), 3 orcs, a friendly guardian golem
(summoned), a friendly hound (summoned, sheltered) and a friendly crimson imp
(summoned, sheltered).

Vanquished Creatures
  A rat (D:1)
1 creature vanquished.

Vanquished Creatures (collateral kills)
  Jessica (D:2)
  An orc wizard (D:3)
  7 adders
  A worm (D:3)
  2 dart slugs
  4 ball pythons
  3 endoplasms
  5 giant cockroaches
  6 goblins
  6 hobgoblins
  4 jackals
  4 kobolds
  4 quokkas
  6 bats
  3 frilled lizards
  7 rats
64 creatures vanquished.

Grand Total: 65 creatures vanquished

Notes
Turn   | Place    | Note
-------+----------+-------------------------------------------
     0 | D:1      | Manisian the Deep Elf Summoner began the quest for the Orb.
     0 | D:1      | Reached XP level 1. HP: 10/10 MP: 6/6
    15 | D:1      | Found a faded altar of an unknown god.
   281 | D:1      | Reached XP level 2. HP: 9/15 MP: 4/8
   853 | D:1      | Learned a level 2 spell: Call Imp
   923 | D:1      | Reached skill level 5 in Summonings
  1498 | D:2      | Reached XP level 3. HP: 19/19 MP: 7/10
  1502 | D:2      | Learned a level 3 spell: Call Canine Familiar
  1645 | D:2      | Noticed Jessica
  1656 | D:2      | Killed Jessica
  1697 | D:2      | Reached XP level 4. HP: 24/24 MP: 3/12
  2264 | D:2      | Identified the +2 flail of Eternity {venom, rPois rF+
                  | Will++ Int+3}
  2332 | D:2      | Reached skill level 5 in Spellcasting
  2995 | D:3      | Reached XP level 5. HP: 20/28 MP: 7/14
  3443 | D:3      | Noticed Sigmund
  3805 | D:3      | Learned a level 3 spell: Summon Guardian Golem
  3810 | D:3      | Learned a level 4 spell: Summon Lightning Spire
  3846 | D:3      | Reached skill level 6 in Summonings
  3850 | D:3      | HP: 1/28 [orc/+0 falchion (3)]
  3850 | D:3      | Hit by a boomerang thrown by an orc

Illustrated notes

Levels and vault maps discovered:
D:1:      lightli_arrival_noodles, layout_basic, basic_ecumenical_altar,
          minmay_ruptured
D:2:      minmay_spotlight, layout_loops_cross, uniq_jessica
D:3:      layout_loops_corners, amcnicky_mini_corridor_feature, uniq_sigmund

Skill      XL: |  1  2  3  4  5 |
---------------+----------------+-----
Summonings     | 5 6 |  6.0
Spellcasting   | 4 5 |  5.5
Dodging        | |  2.8
Stealth        | |  2.5

Action                   |  1- 3 |  4- 6 || total
-------------------------+-------+-------++-------
Melee: Unarmed           |    15 |     7 ||    22
 Cast: Summon Small Mamm |    49 |    31 ||    80
       Call Imp          |     2 |    15 ||    17
       Call Canine Famil |     2 |     6 ||     8
       Summon Guardian G |       |     2 ||     2
  Use: Scroll            |     5 |     3 ||     8
       Potion            |       |     2 ||     2
Armor: Robe              |     8 |    10 ||    18
Dodge: Dodged            |    36 |    32 ||    68

Table legend: (Time is in decaauts)
 A = Elapsed time spent in this place.
 B = Non-inter-level travel time spent in this place.
 C = Inter-level travel time spent in this place.
 D = Time resting spent in this place.
 E = Time spent auto-exploring this place.
 F = Levels seen in this place.
 G = Mean time per level.
                   A        B        C        D        E       F      G
               +--------+--------+--------+--------+--------+-----+--------+
         Total |   3850 |   3730 |    120 |      0 |   2977 |   3 | 1283.3 |
       Dungeon |   3850 |   3730 |    120 |      0 |   2977 |   3 | 1283.3 |
               +--------+--------+--------+--------+--------+-----+--------+

Top non-repeatable levels by time:
     D:2: 1501 daAuts
     D:1: 1404 daAuts
     D:3: 945 daAuts
